 Dungeon Crawl Stone Soup version 0.21.1-1-g345015f (webtiles) character file.

180 Zubo the Conjurer (level 5, 6/28 HPs)
             Began as a Deep Elf Conjurer on June 20, 2018.
             Was an Initiate of Vehumet.
             Quit the game on level 2 of the Dungeon.
             The game lasted 00:10:20 (2211 turns).

Zubo the Conjurer (Deep Elf Conjurer)               Turns: 2211, Time: 00:10:20

Health: 6/28       AC:  2    Str:  6    XL:     5   Next: 33%
Magic:  10/11      EV: 13    Int: 20    God:    Vehumet [......]
Gold:   89         SH:  0    Dex: 15    Spells: 9/10 levels left

rFire    . . .     SeeInvis .   m - +0 flail
rCold    . . .     Gourm    .   (no shield)
rNeg     . . .     Faith    .   a - +0 robe
rPois    .         Spirit   .   (no helmet)
rElec    .         Reflect  .   (no cloak)
rCorr    .         Harm     .   (no gloves)
MR       .....                  (no boots)
Stlth    ++........             (no amulet)
HPRegen  0.09/turn              (no ring)
MPRegen  0.12/turn              (no ring)

@: lethally poisoned (6 -> -15)
A: no striking features
a: Renounce Religion


You were on level 2 of the Dungeon.
You worshipped Vehumet.
Vehumet was noncommittal.
You were hungry.

You visited 1 branch of the dungeon, and saw 3 of its levels.

You collected 89 gold pieces.

Inventory:

Hand Weapons
 m - a +0 flail (weapon)
Armour
 a - a +0 robe (worn)
Jewellery
 n - a +4 ring of strength {unknown}
 p - an uncursed amulet of magic regeneration
Wands
 k - a wand of polymorph (16)
Scrolls
 f - a scroll of magic mapping
 l - a scroll of blinking {unknown}
 q - a scroll of identify
Potions
 d - a potion of haste {unknown}
 e - 4 potions of curing
 g - a potion of degeneration {unknown}
 h - a potion of brilliance {unknown}
 i - a potion of resistance
 j - 2 potions of heal wounds {unknown}
 o - a potion of berserk rage {unknown}
Books
 b - a book of Conjurations

   Spells                             Type                      Level
   a - Magic Dart                     Conjuration                  1
   b - Searing Ray                    Conjuration                  2
   c - Dazzling Spray                 Conjuration/Hexes            3
   d - Fulminant Prism                Conjuration/Hexes            4
   e - Force Lance                    Conjuration/Translocation    4
   f - Iskenderun's Mystic Blast      Conjuration                  4
Comestibles
 c - 3 rations


   Skills:
 - Level 2.4 Dodging
 - Level 2.4 Stealth
 - Level 3.0 Spellcasting
 + Level 7.3 Conjurations


You had 9 spell levels left.
You knew the following spells:

 Your Spells              Type           Power        Failure   Level  Hunger
a - Magic Dart            Conj           ####         1%          1    None


Dungeon Overview and Level Annotations

Branches:
Dungeon (3/15)

Altars:
Vehumet

Annotations:
D:3 supercigar's ghost, weakling HOFi


Message History

Press: ? - help, Shift-Dir - straight line, f - supercigar's ghost
Aim: supercigar's ghost, wielding a weapon of venom The magic dart hits supercigar's ghost.
Supercigar's ghost is lightly damaged.
Supercigar's ghost hits you!
You are poisoned.
Okay, then.
Okay, then.
You feel sick. Supercigar's ghost hits you.
You are more poisoned.
You climb upwards.
You feel very sick.
There is a stone staircase leading down here.
There is a lethal amount of poison in your body!
* * * LOW HITPOINT WARNING * * *
You feel sick.
* * * LOW HITPOINT WARNING * * *
You feel sick.
Okay, then.
Are you sure you want to abandon this character and quit the game? (Confirm with "yes".)

...# +###########
.##........#######
###..............#
#..............# #
#..............# #
#..............#
###..............###
..'.............@.>#
.##..............###
.##...##########.#
.##...#..#...# #.#
.##......#.#.###.#
.##.##..##[#.....#
.##.##.....#######
....##.#..)#
##..##.+...#


There were no monsters in sight!

Vanquished Creatures
  Natasha (thrice) (D:2)
  3 gnolls (D:2)
  3 adders (D:2)
  An ooze (D:2)
  A leopard gecko (D:2)
  4 giant cockroaches (D:1)
  6 goblins
  6 hobgoblins
  6 jackals (D:1)
  4 kobolds
  3 bats
  4 frilled lizards
  5 rats (D:2)
49 creatures vanquished.

Vanquished Creatures (others)
  A hobgoblin (D:2)
  A kobold (D:2)
2 creatures vanquished.

Grand Total: 51 creatures vanquished

Notes
Turn   | Place    | Note
-------+----------+-------------------------------------------
     0 | D:1      | Zubo the Deep Elf Conjurer began the quest for the Orb.
     0 | D:1      | Reached XP level 1. HP: 10/10 MP: 6/6
   225 | D:1      | Reached XP level 2. HP: 14/15 MP: 0/8
   332 | D:1      | Reached skill level 5 in Conjurations
   826 | D:2      | Reached XP level 3. HP: 19/19 MP: 5/9
   970 | D:2      | Reached skill level 6 in Conjurations
  1150 | D:2      | Noticed Natasha
  1153 | D:2      | Killed Natasha
  1153 | D:2      | Reached XP level 4. HP: 16/24 MP: 6/10
  1245 | D:2      | Found a radiant altar of Vehumet.
  1260 | D:2      | Became a worshipper of Vehumet
  1461 | D:2      | Noticed Natasha
  1462 | D:2      | Killed Natasha
  1462 | D:2      | Reached skill level 7 in Conjurations
  1462 | D:2      | Reached XP level 5. HP: 28/28 MP: 8/11
  1507 | D:2      | Noticed Natasha
  1513 | D:2      | Killed Natasha
  1807 | D:3      | Noticed supercigar's ghost (weakling HOFi)
  2211 | D:2      | Quit the game

Skill      XL: |  1  2  3  4 |
---------------+-------------+-----
Conjurations   | 5 6 7 |  7.3
Dodging        | |  2.4
Stealth        | |  2.4
Spellcasting   | |  3.0

Action                   |  1- 3 |  4- 6 || total
-------------------------+-------+-------++-------
Melee: Unarmed           |     4 |       ||     4
 Cast: Magic Dart        |    77 |    44 ||   121
  Use: Scroll            |       |     4 ||     4
       Potion            |       |     1 ||     1
  Eat: Chunk             |     1 |     2 ||     3
Armor: Robe              |     5 |       ||     5
Dodge: Dodged            |    19 |    12 ||    31
